 Dungeon Crawl Stone Soup version 0.18-a0-1185-g2fe3d93 (webtiles) character file.

18178 MrRokkomies the Bludgeoner (level 12, -5/111 HPs)
             Began as an Ogre Hunter on Jan 23, 2016.
             Was an Elder of Dithmenos.
             Slain by a seven-headed hydra (11 damage)
             ... on level 12 of the Dungeon on Jan 28, 2016.
             The game lasted 00:33:24 (12952 turns).

MrRokkomies the Bludgeoner (Ogre Hunter)           Turns: 12952, Time: 00:33:24

Health: -5/111     AC:  6    Str: 25    XL:     12   Next: 55%
Magic:  0/12       EV: 15    Int: 17    God:    Dithmenos [****..]
Gold:   743        SH:  0    Dex: 10    Spells: 1 memorised, 7 levels left

rFire  . . .     SeeInvis +     a - +2 morningstar of Rubbish {drain, rElec Str+5}
rCold  . . .     Gourm    .     M - +2 robe {rN+}
rNeg   + . .     Faith    .     (no shield)
rPois  .         Spirit   +     (helmet restricted)
rElec  +         Dismiss  .     C - +0 cloak
rCorr  .         Reflect  .     (gloves unavailable)
SustAt .         Harm     .     (boots unavailable)
MR     +....                    v - amulet of guardian spirit
Stlth  +.........               s - +3 ring of intelligence
                                h - ring of see invisible

@: slowed, wreathed by umbra, very slow, somewhat resistant to hostile
enchantments, very unstealthy
A: unfitting armour, hooves 1, tough skin 1
a: Shadow Step, Renounce Religion


You were on level 12 of the Dungeon.
You worshipped Dithmenos.
Dithmenos was greatly pleased with you.
You were not hungry.

You visited 2 branches of the dungeon, and saw 13 of its levels.

You collected 743 gold pieces.

Inventory:

Hand Weapons
 a - the +2 morningstar of Rubbish (weapon) {drain, rElec Str+5}
   (You found it on level 7 of the Dungeon)

   A truly terrible weapon, it drains the life of those it strikes.
   It affects your strength (+5).
   It insulates you from electricity.
 b - a +0 blowgun
 e - a +1 giant spiked club of electrocution
 w - a +5 flail of holy wrath
Missiles
 c - 8 large rocks
 g - 400 stones
 t - 4 tomahawks (quivered)
 y - 64 poisoned needles
Armour
 C - a +0 cloak (worn)
 K - a troll hide
 M - a +2 robe of positive energy (worn)
Magical Staves
 B - an uncursed staff of wizardry
Jewellery
 h - a ring of see invisible (left hand)
 s - a +3 ring of intelligence (right hand)
 v - an amulet of guardian spirit (around neck)
Wands
 l - a wand of frost (7/48)
 I - a wand of confusion (0/48)
Scrolls
 n - 3 scrolls of teleportation
 p - 5 scrolls of remove curse
 u - 3 scrolls of amnesia
 G - a scroll of recharging
Potions
 i - a potion of brilliance
 m - a potion of curing
 q - 2 potions of invisibility
 x - a potion of ambrosia
 z - 2 potions of flight
 A - 3 potions of agility
 E - a potion of magic
 L - a potion of might
 N - a potion of mutation
 O - 2 potions of lignification {unknown}
Books
 d - a book of Unlife

   Spells                             Type                      Level
   a - Recall                         Summoning/Translocation      3
   b - Animate Dead                   Necromancy                   4
   c - Control Undead                 Necromancy                   4
   d - Cigotuvi's Embrace             Necromancy                   5
   e - Death Channel                  Necromancy                   6
   f - Simulacrum                     Ice/Necromancy               6
 o - a book of the Earth

   Spells                             Type                      Level
   a - Leda's Liquefaction            Hexes/Earth                  4
   b - Bolt of Magma                  Conjuration/Fire/Earth       5
   c - Statue Form                    Transmutation/Earth          6
   d - Iron Shot                      Conjuration/Earth            6
   e - Shatter                        Earth                        9
 H - a book of Beasts

   Spells                             Type                      Level
   a - Summon Butterflies             Summoning                    1
   b - Call Canine Familiar           Summoning                    3
   c - Summon Ice Beast               Ice/Summoning                4
   d - Summon Mana Viper              Hexes/Summoning              5
   e - Summon Hydra                   Summoning                    7
 J - a book of Alchemy

   Spells                             Type                      Level
   a - Sublimation of Blood           Necromancy                   2
   b - Ignite Poison                  Fire/Transmutation/Poison    3
   c - Condensation Shield            Ice                          4
   d - Petrify                        Transmutation/Earth          4
   e - Alistair's Intoxication        Transmutation/Poison         5
   f - Irradiate                      Conjuration/Transmutation    5
Comestibles
 f - 7 bread rations
 j - 2 slices of pizza
 k - 5 meat rations
 r - 4 fruits
 D - 21 chunks of flesh


   Skills:
 - Level 5.0 Fighting
 * Level 17.1 Maces & Flails
 - Level 4.0 Throwing
 - Level 12.8 Dodging
 - Level 0.7 Stealth
 * Level 1.0 Ice Magic


You had 7 spell levels left.
You knew the following spells:

 Your Spells              Type           Power        Failure   Level  Hunger
a - Condensation Shield   Ice            #.........   98%         4    #####..


Dungeon Overview and Level Annotations

Branches:
Dungeon (12/15)            Temple (1/1) D:4            Lair (0/8) D:8
    Orc: D:9-12

Altars:
Ashenzari
Cheibriados
Dithmenos
Elyvilon
Fedhas
Gozag
Kikubaaqudgha
Makhleb
Nemelex Xobeh
Okawaru
Pakellas
Qazlal
Ru
Sif Muna
Trog
Vehumet
Xom
Yredelemnul
Zin
The Shining One

Shops:
D:4 (   D:9 %   D:10 [   D:11 (

Annotations:
D:12 Sonja


Innate Abilities, Weirdness & Mutations

You are too large for most types of armour.
You have tough skin (AC +1).
You have large cloven feet.


Message History

The seven-headed hydra closely misses you.
The seven-headed hydra bites you!
* * * LOW HITPOINT WARNING * * *
The seven-headed hydra completely misses you.
The seven-headed hydra bites you!
* * * LOW HITPOINT WARNING * * *
The seven-headed hydra bites you.
* * * LOW HITPOINT WARNING * * *
The centaur skeleton hits you.
* * * LOW HITPOINT WARNING * * *
Evoke which item? (* to show all) (? for menu, Esc to quit)
Okay, then.
Unknown command.
Drink which item? (? for menu, Esc to quit)
You feel better. The centaur skeleton hits you.
* * * LOW HITPOINT WARNING * * *
The seven-headed hydra bites you.
* * * LOW HITPOINT WARNING * * *
The seven-headed hydra bites you!
You die...

#.# #.# ##.## #...# #
#...# #. #...#######..
#........# .. .
.........# #.#####....
.........## #.Z@Dh.(...
...............(.###.(..
#.........#####..# .
#...#####.# #..# #...#
#.# ....# #...#
#.##.##.##
##.######$.......
#......#.K.......
#.##.#.#.#####...


You could see a seven-headed hydra, a hound and a centaur skeleton.

Vanquished Creatures
  2 hydras
  An unseen horror (D:11)
  A deep troll (D:9)
  A flayed ghost (D:11)
  Pikel (D:4)
  2 hill giants
  An ugly thing (D:11)
  A cyclops (D:11)
  3 centaur zombies
  The ghost of runewalsh the Chiller, a novice OpIE (D:6)
  Joseph (D:7)
  A centaur skeleton (D:10)
  A komodo dragon (D:11)
  9 trolls
  3 two-headed ogres
  2 shadows (D:11)
  12 yaks (D:11)
  A spriggan (D:7)
  2 wyverns
  2 wraiths
  2 hippogriffs
  2 hungry ghosts
  Edmund (D:4)
  A water moccasin (D:10)
  5 orc warriors
  A slave (D:4)
  A black bear (D:11)
  2 wasps
  2 phantoms
  3 ice beasts
  2 necrophages
  A sky beast (D:7)
  4 ogres
  6 centaurs
  A crocodile (D:10)
  6 giant frogs
  4 big kobolds
  2 wyvern skeletons
  2 jellies
  3 scorpions
  3 killer bees (D:11)
  2 electric eels (D:9)
  5 crimson imps
  2 giant frog skeletons
  15 orc wizards
  5 orc priests
  6 hounds
  A gnoll shaman (D:7)
  2 iguanas
  Natasha (thrice) (D:4)
  9 worker ants
  2 hound skeletons
  A worker ant zombie (D:5)
  7 gnolls (D:7)
  17 adders
  3 shadow imps
  An ooze (D:1)
  2 adder skeletons
  3 worms
  6 giant geckos
  40 orcs
  A ball python (D:1)
  10 bats
  8 giant cockroaches
  11 goblins
  8 hobgoblins
  7 jackals
  6 quokkas
  13 giant newts
  26 kobolds
  A quokka zombie (D:5)
  4 rats
329 creatures vanquished.

Vanquished Creatures (others)
  An orc (D:8)
1 creature vanquished.

Grand Total: 330 creatures vanquished

Notes
Turn   | Place    | Note
--------------------------------------------------------------
     0 | D:1      | MrRokkomies the Ogre Hunter began the quest for the Orb.
     0 | D:1      | Reached XP level 1. HP: 22/22 MP: 1/1
    76 | D:1      | Reached skill level 1 in Maces & Flails
    98 | D:1      | Reached XP level 2. HP: 9/31 MP: 2/2
   853 | D:1      | Reached XP level 3. HP: 36/39 MP: 3/3
  1466 | D:2      | Reached XP level 4. HP: 39/49 MP: 4/4
  1879 | D:2      | Reached skill level 5 in Fighting
  2653 | D:3      | Reached XP level 5. HP: 38/57 MP: 5/5
  2900 | D:4      | Noticed an ogre
  2905 | D:4      | Noticed Natasha
  2924 | D:3      | Killed an ogre
  2924 | D:3      | Reached XP level 6. HP: 40/66 MP: 6/6
  3087 | D:4      | Killed Natasha
  3087 | D:4      | Reached skill level 5 in Maces & Flails
  3111 | D:4      | Found Lowkuty's Antique Weapon Boutique.
  3124 | D:4      | Noticed a slave
  3125 | D:4      | Noticed Pikel
  3169 | D:4      | Killed a slave
  3172 | D:4      | Noticed Edmund
  3178 | D:4      | Killed Edmund
  3443 | D:4      | Reached skill level 6 in Maces & Flails
  3443 | D:4      | Reached XP level 7. HP: 69/72 MP: 7/7
  3463 | D:4      | Noticed Natasha
  3480 | D:4      | Killed Natasha
  3721 | D:4      | Noticed Natasha
  3728 | D:4      | Killed Natasha
  3779 | D:4      | Found a staircase to the Ecumenical Temple.
  3791 | Temple   | Entered the Ecumenical Temple
  3892 | Temple   | Became a worshipper of Dithmenos the Shadowed
  4113 | D:4      | Found a shadowy altar of Dithmenos.
  4194 | D:4      | Killed Pikel
  4194 | D:4      | Reached skill level 8 in Maces & Flails
  4194 | D:4      | Reached skill level 5 in Dodging
  4194 | D:4      | Reached XP level 8. HP: 77/80 MP: 8/8
  4453 | D:5      | Entered Level 5 of the Dungeon
  4464 | D:5      | Found a glowing golden altar of the Shining One.
  4464 | D:5      | Found a blossoming altar of Fedhas.
  4559 | D:5      | Found an oddly glowing altar of Pakellas.
  5041 | D:5      | Reached skill level 9 in Maces & Flails
  5105 | D:6      | Identified a scroll of acquirement
  5106 | D:6      | Got a spiked large shield
  5112 | D:6      | Identified the +0 large shield of the Eleven Stars {rPois Regen+ Int-5 Dex+5} (You acquired it on level 6 of the Dungeon)
  5211 | D:6      | Reached * piety under Dithmenos
  5345 | D:6      | Noticed runewalsh's ghost (novice OpIE)
  5353 | D:6      | Killed runewalsh's ghost
  5353 | D:6      | Reached skill level 10 in Maces & Flails
  5353 | D:6      | Reached XP level 9. HP: 62/88 MP: 9/9
  5513 | D:7      | Noticed Joseph
  5525 | D:7      | Killed Joseph
  5576 | D:7      | Reached skill level 11 in Maces & Flails
  6057 | D:7      | Upgraded the game from 0.18-a0-1155-g296dcbc to 0.18-a0-1185-g2fe3d93
  6290 | D:7      | Got a crystal morningstar
  6291 | D:7      | Identified the cursed +2 morningstar of Rubbish {drain, rElec Str+5} (You found it on level 7 of the Dungeon)
  6541 | D:7      | Reached skill level 12 in Maces & Flails
  6558 | D:7      | Reached XP level 10. HP: 42/96 MP: 6/10
  6957 | D:7      | Reached ** piety under Dithmenos
  7226 | D:8      | Found a staircase to the Lair.
  7892 | D:8      | Reached skill level 13 in Maces & Flails
  7907 | D:8      | Gained mutation: You have large cloven feet. [potion of beneficial mutation]
  8495 | D:9      | Found a runed door.
  8495 | D:9      | Found a runed door.
  8629 | D:9      | Reached *** piety under Dithmenos
  8841 | D:9      | Reached skill level 10 in Dodging
  9133 | D:9      | Found Wovvypa's Food Emporium.
  9419 | D:9      | Noticed a deep troll
  9785 | D:9      | Killed a deep troll
  9785 | D:9      | Reached skill level 14 in Maces & Flails
  9796 | D:9      | Reached XP level 11. HP: 102/102 MP: 11/11
 10225 | D:10     | Entered Level 10 of the Dungeon
 10293 | D:10     | Learned a level 4 spell: Condensation Shield
 10484 | D:10     | Found Wilen's Armour Emporium.
 10570 | D:10     | Reached **** piety under Dithmenos
 10772 | D:10     | Noticed a hill giant
 10796 | D:10     | Killed a hill giant
 10796 | D:10     | Reached skill level 15 in Maces & Flails
 11054 | D:11     | Noticed a seven-headed hydra
 11059 | D:11     | Killed a seven-headed hydra
 11271 | D:11     | Found Coajig's Antique Weapon Boutique.
 11351 | D:11     | Noticed a cyan ugly thing
 11360 | D:11     | Killed a cyan ugly thing
 11675 | D:11     | Noticed a hill giant
 11695 | D:11     | Killed a hill giant
 11710 | D:11     | Reached skill level 16 in Maces & Flails
 11858 | D:11     | Noticed a cyclops
 11869 | D:11     | Killed a cyclops
 11869 | D:11     | Reached XP level 12. HP: 57/111 MP: 7/12
 12215 | D:11     | Found a runed door.
 12811 | D:12     | Noticed a five-headed hydra
 12814 | D:12     | Killed a five-headed hydra
 12814 | D:12     | Reached skill level 17 in Maces & Flails
 12920 | D:12     | Reached skill level 1 in Ice Magic
 12936 | D:12     | Noticed Sonja
 12945 | D:12     | Noticed a seven-headed hydra
 12950 | D:12     | HP: 5/111 [seven-headed hydra (2)]
 12952 | D:12     | Slain by a seven-headed hydra

Vault maps used:
D:1:      minmay_arrival_open_corners
D:3:      minmay_lizard_king
D:4:      minmay_temple_entry_metal_lava, serial_shops, shop, first_bread,
          nicolae_dithmenos_through_a_glass_darkly, uniq_pikel, uniq_edmund,
          uniq_natasha
D:5:      gammafunk_temple_overflow_elements, basic_altar, minivault_14
D:6:      uniq_blork_the_orc
D:7:      minmay_crystal_water, the_bakery, uniq_joseph
D:8:      lair_0_dummy
D:9:      lemuel_troll_bridge, serial_shops, kennysheep_mini
D:10:     serial_shops, nicolae_shop_statue_plus
D:11:     serial_shops, shop, kennysheep_doodads, lightli_airlock
D:12:     serial_shops, kennysheep_mini_moat, uniq_fannar, uniq_josephine,
          uniq_urug, uniq_sonja
Temple:   kilobyte_greek_temple_18

Action                   |  1- 3 |  4- 6 |  7- 9 | 10-12 || total
-------------------------+-------+-------+-------+-------++-------
Melee: Whip              |    48 |       |       |       ||    48
       Mace              |    95 |   140 |    17 |       ||   252
       Flail             |       |       |   227 |       ||   227
       Morningstar       |       |       |    49 |   619 ||   668
 Fire: Blowgun           |       |       |       |    31 ||    31
Throw: Tomahawk          |     4 |    31 |     9 |     5 ||    49
       Large rock        |       |     6 |     6 |    21 ||    33
       Throwing net      |       |       |     2 |       ||     2
Evoke: Wand              |       |       |       |     5 ||     5
  Use: Scroll            |     4 |     7 |     8 |    13 ||    32
       Potion            |       |     2 |     1 |     6 ||     9
 Stab: Sleeping          |     1 |       |     1 |     2 ||     4
  Eat: Chunk             |     2 |     6 |    10 |    20 ||    38
       Beef jerky        |       |       |       |     2 ||     2
       Royal jelly       |       |       |       |     1 ||     1
